cohdb
Replays
Latest Replays
All Replays
Popular Replays
Top Player Replays
Match Explorer
How It Works
Community
CoH3 Stats
Reddit
Sign in to upload your games and track your stats! →
Sign in with Steam
Match 47011266
Unlisted
Match 47011266
Overview
Messages
Build Orders
End
Pioneer Squad
Construct Infanterie Kompanie
Selects Mechanized Battlegroup
Grenadier Squad
Grenadier Squad
Grenadier Squad
Medical Station
Infanterie Officer Quarters
Construct Luftwaffe Kompanie
Flak 30 Anti-aircraft Gun Team
Jäger Squad
Flak 30 Anti-aircraft Gun Team
Luftwaffe Officer Quarters
Construct Panzer Kompanie
Jäger Squad
Panzer IV Medium Tank
Selects Raid Package
Selects Spotting Scopes
Selects Wespe Self-propelled Artillery
Panzer IV Medium Tank
Panzer Officer Quarters
Selects Mechanized Assault
Wespe Self-propelled Artillery
CAuMOH
K̳itsuné
W
Zuluuuuuuuuuu!
0
0
Comments
sign in to comment!
No comments posted yet!